 Dungeon Crawl Stone Soup version 0.29-a0-962-gc8bbfd0a37 (webtiles) character file.

Game seed: 15309962775979094161

179 quixfox the Digger (level 5, 0/28 HPs)
             Began as a Gargoyle Earth Elementalist on July 30, 2022.
             Slain by an iguana (1 damage)
             ... on level 4 of the Dungeon.
             The game lasted 00:05:15 (3352 turns).

quixfox the Digger (Gargoyle Earth Elementalist)    Turns: 3352, Time: 00:05:16

Health: 0/28       AC:  9    Str: 12    XL:     5   Next: 59%
Magic:  4/10       EV: 11    Int: 17    God:
Gold:   90         SH:  0    Dex: 10    Spells: 5/11 levels left

rFire   . . .      SeeInvis .   r - +1 whip (pain)
rCold   . . .      Faith    .   (no shield)
rNeg    + . .      Spirit   .   a - +0 robe
rPois   ∞          Reflect  .   (no helmet)
rElec   +          Harm     .   (no cloak)
rCorr   +          Rampage  .   i - +2 pair of gloves
Will    .....                   (no boots)
Stlth   ++........              (no amulet)
HPRegen 0.09/turn               p - ring of resist corrosion
MPRegen 0.12/turn               (no ring)

@: no status effects
A: sickness immunity, AC +4, negative energy resistance 1, electricity
resistance, torment resistance 1, petrification resistance
a: no special abilities


You were on level 4 of the Dungeon.
You visited 1 branch of the dungeon, and saw 4 of its levels.

You collected 90 gold pieces.

Inventory:

Hand Weapons
 r - a +1 whip of pain (weapon)
Missiles
 k - 17 poisoned darts
Armour
 a - a +0 robe (worn)
 f - a +0 leather armour
 i - a +2 pair of gloves (worn)
Jewellery
 p - a ring of resist corrosion (left hand)
Scrolls
 g - a scroll of noise {unknown}
Potions
 b - 2 potions of magic
 c - a potion of ambrosia {unknown}
 d - a potion of resistance
 e - 2 potions of attraction
 h - a potion of haste {unknown}
 j - 2 potions of curing
 m - a potion of degeneration {unknown}


   Skills:
 - Level 1.5 Dodging
 - Level 2.1 Stealth
 + Level 3.5 Spellcasting
 + Level 2.5 Conjurations
 - Level 0.7 Transmutations
 + Level 5.3 Earth Magic


You had 5 spell levels left.
You knew the following spells:

 Your Spells              Type           Power      Damage    Failure   Level
a - Sandblast             Erth           42%        2d11      1%          1
b - Passwall              Tmut/Erth      10%        N/A       8%          2
c - Stone Arrow           Conj/Erth      32%        3d9       10%         3

Your spell library contained the following spells:

 Spells                   Type           Power      Damage    Failure   Level
 Magic Dart               Conj           44%        1d5       6%          1
 Searing Ray              Conj           22%        2d5       9%          2
 Necrotise                Necr           8%         1d4       17%         1
 Petrify                  Tmut/Erth      13%        N/A       43%         4
 Vampiric Draining        Necr           2%         2d6       45%         3
 Fulminant Prism          Conj/Hex       3%         3d6       69%         4
 Agony                    Necr           2%         N/A       99%         5


Dungeon Overview and Level Annotations

Branches:
Dungeon (4/15)
 Temple: D:4-7

Altars:
Ru


Innate Abilities, Weirdness & Mutations

You are immune to sickness and miasma.
Your stone body is resilient. (AC +4)
You are immune to poison.
You resist negative energy. (rN+)
You are resistant to electric shocks. (rElec)
You are resistant to unholy torment.
You are immune to petrification.


Message History

HP restored.
You see here a scorpion corpse.
Your kobold dissolves into shadows!
g - a scroll labelled ZYATUE EBROD A quokka comes into view.
You can't see any susceptible monsters within range! (Use Z to cast anyway.)
The blast of sand hits the quokka!
You kill the quokka!
You see here a quokka corpse.
An iguana comes into view.
The blast of sand hits the iguana.
The iguana is lightly wounded.
The iguana hisses angrily.
The blast of sand hits the iguana but does no damage.
The iguana is lightly wounded.
The iguana hisses menacingly.
The iguana bites you. The iguana closely misses you.
The blast of sand hits the iguana.
The iguana is moderately wounded.
The iguana bites you! The iguana closely misses you.
The blast of sand hits the iguana.
The iguana is heavily wounded.
The iguana bites you but does no damage.
The iguana bites you.
The blast of sand hits the iguana but does no damage.
The iguana is heavily wounded.
The iguana closely misses you. x2
The blast of sand hits the iguana.
The iguana is heavily wounded.
The iguana bites you!
The iguana bites you but does no damage.
Aiming: Sandblast (safe; 1% risk of failure)
Press: ? - help, Q - select action, (/) - cycle Shift-Dir - straight line, f/p - iguana
Aim: an iguana (heavily wounded, 85% to hit)
The blast of sand hits the iguana.
The iguana is almost dead.
The iguana bites you!
* * * LOW HITPOINT WARNING * * *
The iguana bites you.
You die...

#.#####
#..l@.#
#####.#
#.# #.#
#.# ###
#.# ..#
#†# #.#
#.# #.#
#.#


You could see an iguana.

Vanquished Creatures
  A scorpion (D:4)
  3 adders (D:3)
  4 worms
  3 dart slugs
  An orc (D:3)
  4 endoplasms
  2 giant cockroaches
  11 goblins
  5 hobgoblins
  6 jackals
  6 quokkas
  5 ball pythons
  4 bats
  7 frilled lizards
  8 kobolds
  8 rats
78 creatures vanquished.

Notes
Turn   | Place    | Note
-------+----------+-------------------------------------------
     0 | D:1      | quixfox the Gargoyle Earth Elementalist began the quest for
                  | the Orb.
     0 | D:1      | Reached XP level 1. HP: 10/10 MP: 3/3
   193 | D:1      | Reached XP level 2. HP: 15/15 MP: 3/5
   236 | D:1      | Reached skill level 4 in Earth Magic
   488 | D:1      | Found a faded altar of an unknown god.
   653 | D:1      | Reached XP level 3. HP: 19/19 MP: 4/6
   656 | D:1      | Learned a level 2 spell: Passwall
   660 | D:1      | Learned a level 3 spell: Stone Arrow
  1571 | D:2      | Reached skill level 1 in Conjurations
  1743 | D:2      | Reached XP level 4. HP: 24/24 MP: 5/8
  2487 | D:3      | Found a sacrificial altar of Ru.
  3062 | D:3      | Reached skill level 5 in Earth Magic
  3064 | D:3      | Reached XP level 5. HP: 28/28 MP: 4/9
  3352 | D:4      | HP: 1/28 [iguana (9)]
  3352 | D:4      | Slain by an iguana

Illustrated notes

Levels and vault maps discovered:
D:1:      elethiomel_arrival_infinity_welcomes_careful_drivers,
          layout_loops_ring, shapermc_ecumenical_altar_venn
D:2:      layout_basic
D:3:      layout_loops_cross, mainiacjoe_overflow_paths, minmay_hedge_maze
D:4:      layout_loops_ring, serial_shops, kennysheep_mini_moat, hex_large

Skill      XL: |  1  2  3  4 |
---------------+-------------+-----
Earth Magic    | 4 5 |  5.3
Conjurations   | 1 2 |  2.5
Spellcasting   | 3 |  3.5
Dodging        | |  1.5
Stealth        | |  2.1
Transmutations | |  0.7

Action                   |  1- 3 |  4- 6 || total
-------------------------+-------+-------++-------
 Cast: Sandblast         |    65 |    52 ||   117
  Use: Scroll            |       |     9 ||     9
Armor: Robe              |     7 |    10 ||    17
Dodge: Dodged            |     8 |    16 ||    24

Table legend: (Time is in decaauts)
 A = Elapsed time spent in this place.
 B = Non-inter-level travel time spent in this place.
 C = Inter-level travel time spent in this place.
 D = Time resting spent in this place.
 E = Time spent auto-exploring this place.
 F = Levels seen in this place.
 G = Mean time per level.
                   A        B        C        D        E       F      G
               +--------+--------+--------+--------+--------+-----+--------+
         Total |   3466 |   3346 |    120 |    153 |   2659 |   4 |  866.5 |
       Dungeon |   3466 |   3346 |    120 |    153 |   2659 |   4 |  866.5 |
               +--------+--------+--------+--------+--------+-----+--------+

Top non-repeatable levels by time:
     D:2: 1358 daAuts
     D:1: 1175 daAuts
     D:3: 808 daAuts
     D:4: 124 daAuts
